Map: 데스오라 - 래더

Players

Stats - Winner!

  • Race: Protoss Protoss
  • League: Master
  • Spawn Location: 11:00

Bunny

  • Race: Terran Terran
  • Spawn Location: 5:00

Event: StayAtHomestory Cup #2

VOD

Have the link to the VOD?

Description

Time

  • Played on: June 12, 2020, 12:53 p.m.
  • Length: 13:49

All games in this series

Show
View Real Time Build Order
Export as new Build Order

Stats Protoss - Winner!

Build Orders: 1 Gate Expand, Blink Stalkers 

Get SALT Encoding   

  12  0:00  Probe  
  13  0:13  Probe  
  14  0:17  Pylon  
  14  0:24  Probe  
  15  0:32  Probe  
  15  0:37  Gateway  
  15  0:40  Probe  
  16  0:46  Assimilator  
  17  0:51  Probe  
  18  1:03  Probe  
  19  1:15  Probe  
  20  1:24  Cybernetics Core  
  20  1:31  Nexus  
  20  1:35  Probe  
  21  1:42  Pylon  
  21  1:47  Assimilator  
  21  1:48  Probe  
  21  1:50  Adept  
  22  2:00  Probe  
  22  2:01  Warp Gate  
  25  2:10  Shield Battery  
  25  2:11  Stalker  
  25  2:13  Probe  
  28  2:25  Probe  
  29  2:37  Probe  
  31  2:44  Probe  
  31  2:47  Gateway  
  31  2:49  Probe  
  31  2:50  Gateway  
  32  2:54  Probe  
  33  3:01  Probe  
  33  3:04  Probe  
  33  3:05  Twilight Council  
  34  3:09  Probe  
  35  3:13  Probe  
  35  3:17  Probe  
  37  3:20  Robotics Facility  
  37  3:25  Probe  
  39  3:27  Probe  
  39  3:31  Blink  
  40  3:37  Probe  
  40  3:39  Probe  
  42  3:49  Probe, Pylon  
  42  3:50  Assimilator  
  42  3:51  Probe  
  44  3:58  Pylon  
  44  4:01  Probe  
  45  4:04  Probe  
  45  4:07  Stalker x3  
  45  4:08  Observer  
  53  4:18  Assimilator  
  53  4:20  Warp Prism  
  53  4:21  Probe  
  53  4:22  Probe, Pylon  
  55  4:30  Shield Battery  
  57  4:34  Stalker  
  57  4:35  Stalker  
  61  4:38  Pylon  
  61  4:40  Stalker  
  63  4:50  Probe x2  
  65  4:59  Stalker x2  
  67  5:05  Probe  
  68  5:10  Observer  
  68  5:11  Observer  
  69  5:20  Nexus  
  69  5:25  Robotics Bay, Stalker  
  69  5:26  Stalker  
  73  5:30  Stalker  
  74  5:44  Probe x2  
  75  5:54  Observer  
  75  5:56  Observer, Probe x2  
  75  5:57  Pylon  
  78  6:02  Pylon  
  78  6:07  Pylon  
  78  6:08  Colossus  
  78  6:15  Probe x2  
  80  6:20  Extended Thermal Lance  
  86  6:26  Probe  
  86  6:27  Probe  
  86  6:30  Pylon  
  86  6:31  Charge  
  86  6:32  Probe  
  88  6:35  Probe x2  
  88  6:37  Observer  
  91  6:44  Probe x3  
  93  6:55  Probe  
  93  6:56  Sentry x3, Probe x2  
  102  7:01  Colossus  
  108  7:12  Gateway  
  108  7:13  Gateway  
  108  7:14  Gateway  
  108  7:15  Probe x3  
  109  7:18  Forge, Assimilator  
  109  7:20  Assimilator  
  109  7:24  Gateway  
  109  7:27  Gateway  
  109  7:29  Protoss Ground Weapons Level 1  
  109  7:30  Pylon  
  109  7:38  Shield Battery  
  109  7:42  Zealot x3  
  115  7:45  Colossus  
  115  7:58  Forge  
  121  7:59  Probe x3  
  121  8:00  Pylon  
  121  8:02  Protoss Ground Armor Level 1  
  121  8:03  Templar Archives  
  124  8:08  Gravitic Drive  
  124  8:10  Zealot x4  
  132  8:13  Pylon  
  132  8:14  Pylon  
  132  8:18  Pylon x2  
  132  8:28  Gateway x2  
  132  8:39  Observer  
  132  8:41  Zealot x4  
  141  8:46  High Templar x4  
  147  9:00  Archon x2  
  147  9:01  Robotics Facility, Stalker x3  
  147  9:02  Stalker  
  147  9:12  Protoss Ground Weapons Level 2  
  147  9:13  Observer  
  147  9:15  Probe x2  
  147  9:16  Probe  
  147  9:18  Zealot  
  147  9:20  Zealot  
  151  9:31  Zealot x4  
  151  9:32  Observer  
  160  9:41  Observer  
  160  9:44  High Templar x2  
  164  9:46  Nexus  
  164  9:48  Archon, Pylon  
  164  9:52  Pylon  
  164  9:53  Observer  
  164  9:56  Disruptor  
  164  9:57  Dark Shrine  
  167  10:04  Probe x3  
  167  10:05  Disruptor  
  173  10:09  Protoss Ground Armor Level 2  
  162  10:34  Disruptor  
  165  10:36  Probe  
  165  10:37  Probe x2  
  165  10:40  Disruptor, Assimilator  
  165  10:41  Zealot x3  
  165  10:42  Zealot x3  
  183  10:44  Assimilator  
  183  10:48  Probe  
  183  10:49  Probe x2  
  186  11:03  Shadow Stride  
  184  11:06  Shield Battery  
  184  11:09  Nexus, Shield Battery  
  184  11:10  Pylon  
  184  11:17  Gateway  
  184  11:19  Dark Templar x4, Gateway  
  184  11:22  Disruptor  
  189  11:35  Disruptor  
  188  11:42  Dark Templar x3  
  170  12:19  Dark Templar x5  
  170  12:20  Zealot x5  
  188  12:23  Gateway  
  188  12:25  Gateway  
  188  12:29  Shield Battery  
  188  12:30  Photon Cannon  
  188  12:31  Photon Cannon  
  188  12:33  Photon Cannon  
  188  12:36  Observer  
  188  12:37  Observer  
  190  12:46  Dark Templar x2  
  179  13:10  Dark Templar x4  
  179  13:12  Zealot x6  
  183  13:23  Stalker  
  183  13:24  Stalker  
  163  13:40  Dark Templar  
  163  13:41  Dark Templar, Zealot x4  
  137  13:42  Zealot x5  
  137  13:43  Zealot  
Show
View Real Time Build Order
Export as new Build Order

Bunny Terran 

Build Orders: Reaper Expand 

Get SALT Encoding   

  12  0:01  SCV  
  13  0:13  SCV  
  14  0:16  Supply Depot  
  14  0:25  SCV  
  15  0:38  SCV  
  15  0:40  Barracks  
  16  0:44  Refinery  
  16  0:50  SCV  
  17  1:02  SCV  
  18  1:14  SCV, Supply Depot  
  19  1:27  Orbital Command, Reaper  
  20  1:53  SCV  
  20  1:54  Command Center  
  21  1:59  Barracks Reactor  
  21  2:05  SCV  
  22  2:18  SCV  
  22  2:19  Refinery  
  22  2:21  Factory  
  23  2:30  SCV  
  23  2:35  Marine, Bunker  
  23  2:36  Marine  
  26  2:42  SCV  
  27  2:53  Marine x2  
  27  2:54  SCV  
  32  3:05  Starport  
  32  3:06  Orbital Command, Widow Mine  
  32  3:07  SCV  
  32  3:11  Marine x2  
  36  3:20  SCV  
  38  3:27  Widow Mine  
  38  3:29  Marine x2  
  38  3:32  SCV  
  41  3:34  SCV  
  42  3:42  Medivac  
  42  3:44  SCV  
  42  3:46  SCV  
  42  3:47  Marine  
  46  3:49  Supply Depot  
  46  3:50  Factory Tech Lab  
  46  4:02  Command Center  
  46  4:05  Supply Depot  
  46  4:10  Marine x2  
  46  4:11  SCV x2  
  46  4:15  Supply Depot  
  50  4:19  Raven, Factory Tech Lab  
  50  4:23  SCV x2  
  54  4:27  Supply Depot  
  54  4:28  Marine x2  
  56  4:35  SCV x2  
  56  4:37  Siege Tank  
  61  4:44  Barracks  
  61  4:45  Barracks  
  61  4:47  SCV x2  
  61  4:50  Marine x2  
  65  5:06  SCV x2  
  67  5:07  Marine  
  67  5:08  Marine  
  67  5:09  Siege Tank  
  67  5:11  Medivac  
  67  5:12  Refinery  
  67  5:13  Refinery  
  73  5:15  Orbital Command  
  73  5:23  Engineering Bay  
  73  5:25  Marine x2  
  73  5:26  SCV  
  73  5:27  SCV  
  77  5:42  SCV x3  
  80  5:43  Barracks x2  
  78  5:50  Starport Reactor  
  78  5:51  Factory Reactor, Supply Depot  
  78  5:52  Supply Depot  
  78  5:53  Stimpack, Marauder  
  78  5:57  Terran Infantry Weapons Level 1  
  78  6:02  Marauder  
  80  6:05  Marine x2  
  81  6:14  SCV x3  
  81  6:17  Supply Depot  
  83  6:20  Marauder, Combat Shield  
  83  6:23  Marine  
  83  6:25  Marauder  
  88  6:27  Supply Depot  
  88  6:28  Supply Depot  
  88  6:29  Medivac  
  88  6:30  Medivac  
  92  6:33  Barracks Reactor  
  92  6:35  Barracks Tech Lab  
  92  6:40  Widow Mine x2  
  92  6:45  SCV  
  92  6:46  SCV x2  
  96  6:55  Missile Turret, Orbital Command  
  96  6:56  Concussive Shells  
  96  6:58  Missile Turret  
  96  7:00  Marauder  
  96  7:01  Marauder  
  100  7:02  Marine x2  
  100  7:04  Widow Mine x2  
  105  7:10  Medivac  
  105  7:12  SCV x2  
  105  7:15  Medivac  
  109  7:19  Missile Turret  
  109  7:20  Supply Depot  
  107  7:23  SCV  
  107  7:24  SCV x2  
  107  7:28  Widow Mine x2  
  114  7:30  Marauder  
  114  7:31  Marauder  
  116  7:40  Viking  
  116  7:41  SCV x3  
  116  7:44  Marine x2, Supply Depot  
  120  7:49  Viking  
  124  7:53  SCV x3  
  124  7:57  Starport  
  127  8:02  Terran Infantry Armor Level 1  
  127  8:03  Ghost Academy  
  127  8:05  Refinery x2  
  127  8:08  SCV x3  
  134  8:12  Marauder  
  134  8:13  Marauder  
  134  8:14  Marauder  
  134  8:18  Marine x2  
  138  8:21  SCV x3  
  138  8:25  Viking, Supply Depot  
  138  8:27  Supply Depot  
  143  8:28  Viking  
  143  8:32  Armory  
  145  8:39  Viking  
  147  8:41  Viking  
  147  8:47  SCV x3  
  151  8:48  Supply Depot  
  151  8:50  Supply Depot  
  151  8:55  Marauder x3  
  153  8:57  Marine x3  
  153  8:58  Marine  
  153  9:12  SCV x2  
  153  9:13  SCV  
  153  9:16  Ghost x3  
  156  9:21  Missile Turret  
  156  9:25  Terran Ship Weapons Level 1, Command Center  
  156  9:34  Marine x4  
  156  9:36  Viking  
  156  9:37  Missile Turret, Viking  
  162  9:40  Viking  
  162  9:42  Viking  
  166  9:49  Marauder x3  
  166  9:52  Marine  
  171  9:54  Missile Turret  
  171  9:59  Missile Turret  
  171  10:01  Supply Depot  
  171  10:04  Marine x2, Enhanced Shockwaves  
  171  10:06  Terran Infantry Weapons Level 2  
  171  10:21  Missile Turret  
  168  10:25  Ghost x2  
  166  10:29  Ghost  
  166  10:32  Marine x4  
  171  10:36  Sensor Tower  
  171  10:38  Barracks  
  171  10:39  Missile Turret  
  171  10:41  Barracks  
  171  10:50  Missile Turret, Marine x4  
  171  10:54  Ghost  
  175  10:59  SCV x2  
  175  11:00  SCV  
  175  11:02  Ghost x2  
  180  11:05  Planetary Fortress  
  180  11:08  Marine x3  
  180  11:11  Refinery  
  183  11:15  Refinery  
  183  11:17  Marine  
  184  11:23  Marauder  
  186  11:25  Marine  
  186  11:26  Marine x2  
  186  11:31  Marauder x2  
  186  11:35  Marine  
  186  11:39  Supply Depot  
  188  11:40  Supply Depot  
  188  11:41  Barracks Tech Lab x2  
  188  11:43  Marine  
  188  11:44  Marine  
  188  11:45  Missile Turret  
  188  11:49  Barracks  
  188  11:53  Supply Depot  
  188  11:56  Marauder x2, Medivac x2  
  188  12:00  Medivac  
  188  12:01  Fusion Core, Marauder  
  199  12:12  Missile Turret  
  186  12:20  Missile Turret  
  186  12:21  Marauder  
  186  12:22  Marauder x4  
  196  12:24  Marine x3  
  196  12:27  Marine  
  200  12:41  Barracks Tech Lab  
  200  12:43  SCV  
  194  12:59  Marauder x3  
  194  13:03  Missile Turret  
  194  13:04  Missile Turret  
Tags
 
Add a new tag
Caveats
  • Supply blocks, unpowered buildings, or Contaminate may cause inaccurate times.
  • Supply counts are checked every 10 seconds.